Map: Para Site LE

Players

Reynor - Winner!

  • Race: Zerg Zerg
  • Spawn Location: 11:00

TIME (Oliveira)

  • Race: Terran Terran
  • Spawn Location: 5:00

Event: WCS Montreal 2018

VOD

Have the link to the VOD?

Description

Time

  • Played on: Sept. 9, 2018, 3:28 p.m.
  • Length: 13:27

All games in this series

Show
View Real Time Build Order
Export as new Build Order

Reynor Zerg - Winner!

Build Orders: Pool First 

Get SALT Encoding   

  12  0:00  Drone  
  13  0:12  Overlord  
  13  0:16  Drone  
  14  0:30  Drone  
  14  0:31  Drone  
  16  0:40  Spawning Pool  
  15  0:44  Drone  
  15  0:47  Drone  
  17  1:08  Hatchery  
  16  1:11  Drone  
  17  1:27  Zergling x2  
  17  1:28  Zergling x4  
  17  1:30  Queen  
  22  1:33  Extractor  
  22  1:38  Overlord  
  21  1:49  Drone  
  22  2:01  Drone  
  23  2:05  Queen  
  25  2:11  Drone  
  26  2:19  Queen  
  26  2:20  Drone  
  26  2:22  Drone  
  30  2:30  Drone  
  30  2:32  Drone  
  31  2:42  Drone x2  
  31  2:43  Overlord  
  31  2:44  Drone  
  33  2:47  Metabolic Boost  
  33  2:48  Drone  
  33  2:52  Drone  
  34  3:07  Hatchery  
  34  3:09  Zergling x2  
  34  3:11  Zergling x2  
  35  3:13  Drone  
  35  3:19  Queen  
  38  3:21  Drone  
  38  3:23  Drone  
  40  3:28  Overlord  
  40  3:30  Drone  
  40  3:31  Drone  
  42  3:36  Zergling x4  
  42  3:39  Baneling Nest  
  43  3:41  Drone  
  43  3:45  Overlord  
  43  3:47  Drone  
  45  3:50  Zergling x2  
  46  3:58  Drone x2  
  46  3:59  Overlord  
  48  4:03  Queen  
  48  4:04  Zergling x2  
  48  4:06  Drone  
  48  4:08  Drone  
  53  4:10  Drone x2  
  53  4:15  Overlord  
  55  4:22  Extractor, Drone x2  
  55  4:24  Zergling x4  
  58  4:28  Baneling x2  
  58  4:31  Drone x4  
  62  4:37  Evolution Chamber  
  61  4:39  Drone x3, Evolution Chamber  
  62  4:46  Zergling x4  
  62  4:48  Drone  
  62  4:50  Spore Crawler  
  64  4:54  Zergling x2  
  64  4:56  Overlord x2  
  65  5:00  Overlord  
  65  5:03  Zerg Ground Armor Level 1  
  65  5:06  Zerg Melee Weapons Level 1  
  65  5:07  Baneling  
  65  5:15  Zergling x8  
  65  5:16  Drone x3  
  65  5:19  Drone x2  
  74  5:23  Drone x3  
  77  5:28  Zergling x4  
  77  5:29  Zergling x4  
  77  5:31  Baneling x3  
  81  5:36  Overlord  
  81  5:38  Zergling x6  
  81  5:39  Drone  
  81  5:40  Drone  
  78  5:47  Overlord  
  78  5:49  Zergling x4  
  72  5:51  Drone  
  72  5:52  Drone  
  72  5:54  Lair  
  73  5:57  Drone  
  73  5:59  Queen  
  73  6:02  Drone  
  73  6:03  Drone  
  78  6:06  Drone  
  79  6:12  Drone  
  79  6:13  Extractor  
  79  6:14  Extractor  
  79  6:15  Zergling x4  
  80  6:22  Overlord  
  80  6:24  Hatchery  
  80  6:25  Zergling x2  
  79  6:28  Drone x3  
  79  6:29  Zergling x2  
  82  6:34  Drone  
  79  6:42  Zergling x10  
  79  6:46  Drone, Overlord  
  82  6:50  Hatchery  
  82  6:52  Zergling x2  
  82  6:55  Zergling x2  
  82  6:58  Zergling x6  
  82  6:59  Zergling x2, Zerg Ground Armor Level 2  
  82  7:00  Zerg Melee Weapons Level 2  
  87  7:04  Drone  
  87  7:06  Extractor  
  87  7:08  Zergling x2  
  87  7:12  Zergling x6  
  91  7:18  Zergling x10  
  91  7:21  Drone x2, Queen  
  97  7:27  Zergling x6  
  96  7:31  Zergling x2  
  96  7:33  Baneling x6, Centrifical Hooks  
  96  7:35  Zergling x4  
  99  7:37  Queen  
  99  7:40  Zergling x2  
  99  7:43  Baneling x3  
  99  7:44  Baneling x4, Zergling x4  
  102  7:50  Zergling x8  
  102  7:51  Baneling x2  
  108  7:53  Zergling x6  
  108  7:56  Zergling x8  
  108  7:57  Overlord  
  111  8:02  Drone x2  
  111  8:08  Zergling x2  
  111  8:12  Zergling x4  
  102  8:20  Zergling x4  
  102  8:26  Hatchery, Zergling x2, Hydralisk Den  
  101  8:29  Drone  
  101  8:32  Zergling x2  
  103  8:34  Zergling x4  
  103  8:35  Zergling x2  
  105  8:42  Zergling x4  
  105  8:46  Overlord  
  104  8:57  Hydralisk, Baneling x5  
  104  8:58  Hydralisk x8  
  104  8:59  Muscular Augments  
  104  9:00  Hydralisk x2  
  104  9:01  Zergling x8  
  130  9:09  Hydralisk x2  
  130  9:10  Zergling x6  
  130  9:15  Hydralisk  
  139  9:17  Hydralisk, Zergling x2  
  139  9:21  Hydralisk  
  139  9:22  Drone x2  
  144  9:25  Overlord  
  144  9:26  Overlord  
  143  9:36  Overlord  
  140  9:43  Drone x5  
  138  9:45  Zerg Missile Weapons Level 1  
  138  9:46  Drone x3  
  138  9:47  Infestation Pit  
  138  9:51  Zergling x2  
  138  9:52  Zergling x12  
  147  9:54  Zergling x4  
  147  9:57  Zergling x2  
  147  9:58  Zergling x4  
  152  10:04  Drone x4  
  152  10:06  Zergling x2  
  157  10:08  Spore Crawler, Zergling x2  
  157  10:11  Grooved Spines  
  157  10:15  Zergling x6  
  157  10:17  Hydralisk x2  
  164  10:28  Overlord  
  155  10:34  Zergling x8  
  155  10:35  Zergling x18  
  168  10:44  Hive  
  168  10:46  Zergling x10  
  173  10:50  Hatchery  
  173  10:55  Overlord  
  169  11:08  Zergling x4  
  169  11:09  Zergling x10, Overlord x3  
  176  11:12  Zergling x10  
  176  11:17  Zergling x10  
  176  11:18  Zergling x2  
  187  11:24  Zergling x6  
  190  11:30  Baneling x7  
  191  11:32  Zergling x2  
  191  11:33  Zergling x8  
  195  11:41  Spine Crawler  
  195  11:42  Drone x5, Spine Crawler  
  195  11:43  Overlord  
  182  12:11  Ultralisk Cavern  
  167  12:17  Zergling x22  
  167  12:18  Zergling x12  
  168  12:28  Hydralisk, Zergling x2  
  168  12:29  Zergling x16  
  171  12:33  Hydralisk x2  
  171  12:34  Zergling x8  
  176  12:37  Drone x3  
  178  12:45  Baneling x8  
  178  12:49  Viper x3  
  187  12:51  Hatchery  
  187  12:52  Drone x3  
  152  13:07  Zergling x26  
Show
View Real Time Build Order
Export as new Build Order

TIME Terran 

Build Orders: Liberator Opening, Reaper Expand, Bio Tank 

Get SALT Encoding   

  12  0:00  SCV  
  13  0:12  SCV  
  14  0:17  Supply Depot  
  14  0:24  SCV  
  15  0:38  SCV  
  15  0:39  Barracks  
  16  0:44  Refinery  
  16  0:50  SCV  
  17  1:02  SCV  
  18  1:15  SCV  
  19  1:27  Reaper, Orbital Command  
  20  1:40  Command Center  
  20  1:48  Supply Depot  
  20  1:53  SCV  
  21  1:59  Marine  
  22  2:06  SCV  
  22  2:07  Factory  
  23  2:12  Refinery  
  23  2:18  SCV  
  23  2:22  Barracks Reactor  
  24  2:30  SCV  
  25  2:42  SCV  
  26  2:54  SCV  
  26  2:55  Starport  
  27  3:01  Orbital Command  
  27  3:04  Hellion x2  
  31  3:07  SCV  
  31  3:11  Barracks Tech Lab  
  33  3:20  SCV  
  33  3:25  Hellion x2  
  37  3:27  SCV  
  37  3:31  Supply Depot  
  37  3:32  SCV  
  39  3:34  Viking  
  39  3:40  SCV  
  42  3:44  SCV  
  42  3:47  Hellion  
  42  3:48  Liberator  
  45  3:53  Hellion  
  45  3:54  Supply Depot  
  48  3:55  SCV  
  48  3:56  SCV  
  48  4:00  Supply Depot  
  49  4:08  SCV x2  
  54  4:17  Cyclone x2  
  54  4:21  SCV  
  54  4:22  SCV  
  62  4:32  Command Center  
  62  4:34  SCV x2  
  64  4:39  Marine, Supply Depot  
  64  4:43  Stimpack  
  65  4:46  SCV  
  65  4:50  Starport Reactor  
  66  4:56  SCV, Barracks  
  66  4:57  Barracks, Marine  
  66  4:59  SCV  
  69  5:05  Factory Tech Lab  
  69  5:08  SCV  
  69  5:11  SCV  
  69  5:13  Engineering Bay  
  71  5:14  Engineering Bay  
  71  5:15  Marine  
  72  5:22  SCV  
  72  5:23  Engineering Bay  
  72  5:24  Engineering Bay, Refinery  
  72  5:27  Refinery  
  73  5:31  SCV  
  73  5:32  Marine  
  73  5:35  SCV  
  66  5:50  SCV, Marine  
  66  5:53  Siege Tank  
  66  5:54  Marine x2  
  66  5:55  SCV  
  66  5:56  Orbital Command  
  72  5:57  Terran Infantry Armor Level 1, Terran Infantry Weapons Level 1  
  72  6:01  Barracks  
  72  6:02  Starport Reactor, Barracks, Marine x2  
  72  6:03  SCV  
  75  6:07  SCV  
  75  6:09  Marine  
  77  6:12  Marine x2  
  77  6:15  SCV  
  80  6:18  Supply Depot  
  80  6:19  SCV  
  80  6:20  Marine x2  
  80  6:21  Orbital Command  
  83  6:27  SCV, Marine  
  83  6:30  Marine x2  
  83  6:31  SCV  
  81  6:38  Marine x2  
  81  6:39  SCV, Armory  
  84  6:40  Medivac x2  
  84  6:43  Siege Tank  
  84  6:45  SCV, Marine  
  93  6:49  SCV  
  93  6:51  SCV  
  95  6:54  Barracks Reactor  
  95  6:56  Barracks Reactor  
  95  6:57  SCV, Supply Depot  
  95  6:58  Supply Depot  
  95  7:00  Marine x3  
  99  7:01  SCV  
  99  7:07  Supply Depot  
  99  7:08  Combat Shields  
  100  7:09  Marine  
  101  7:18  SCV x2, Marine x2  
  101  7:19  Marine  
  106  7:23  Siege Tank  
  106  7:28  Medivac  
  108  7:30  SCV x2  
  108  7:34  Marine  
  108  7:35  Supply Depot  
  108  7:37  Marine x8, Supply Depot  
  110  7:41  Medivac  
  113  7:52  Marine  
  113  7:55  Marine x3  
  113  7:56  SCV, Marine x2  
  106  8:00  SCV x2  
  106  8:01  Marine x2  
  106  8:03  Siege Tank  
  112  8:10  SCV  
  109  8:13  SCV x2  
  109  8:15  Marine  
  107  8:22  SCV, Marine  
  107  8:23  Marine x6  
  107  8:25  SCV  
  106  8:29  Terran Infantry Weapons Level 2  
  106  8:32  SCV  
  106  8:33  Marine  
  108  8:38  SCV x2  
  108  8:40  Siege Tank  
  112  8:44  Bunker  
  112  8:45  Marine  
  112  8:46  Marine  
  112  8:48  Marine  
  112  8:50  Marine  
  112  8:51  Marine  
  112  8:53  Medivac x2  
  112  8:54  SCV x2  
  118  8:56  SCV  
  118  9:00  Marine, Supply Depot x2  
  120  9:03  Marine  
  120  9:06  SCV x2  
  120  9:07  Terran Infantry Armor Level 2  
  123  9:12  Marine  
  123  9:13  SCV  
  123  9:15  Marine, Siege Tank  
  129  9:19  Liberator x2  
  129  9:20  Marine x2  
  129  9:21  Marine x3  
  129  9:22  Marine x2  
  129  9:23  SCV  
  130  9:25  SCV  
  131  9:31  Marine  
  131  9:33  Marine  
  131  9:38  Marine x2  
  133  9:42  Factory, Refinery  
  133  9:43  Marine x2  
  133  9:44  Marine  
  133  9:45  Refinery  
  136  9:47  Marine  
  137  9:55  Marine  
  137  9:57  Marine  
  137  9:59  Marine  
  140  10:01  Marine x2  
  140  10:04  Marine x2  
  140  10:05  Siege Tank  
  147  10:12  Command Center  
  147  10:13  Liberator x2  
  147  10:15  Marine  
  147  10:16  SCV  
  147  10:19  Marine x3  
  151  10:22  Terran Vehicle Weapons Level 1, Marine  
  151  10:28  Marine x3  
  137  10:31  Factory Tech Lab  
  137  10:33  Marine  
  137  10:34  Marine  
  144  10:37  Marine x2, Siege Tank  
  144  10:38  Marine  
  144  10:40  Marine  
  151  10:46  Reaper, Marine  
  151  10:47  Marine  
  151  10:48  Terran Infantry Weapons Level 3  
  154  10:53  Supply Depot  
  154  10:58  Siege Tank  
  154  11:03  Marine x2  
  153  11:04  Marine x2  
  153  11:05  Marine x2  
  157  11:12  Barracks x3  
  157  11:14  Marine x2  
  157  11:15  Medivac, Siege Tank  
  157  11:18  Marine  
  165  11:23  Medivac  
  165  11:25  Sensor Tower, Marine  
  167  11:31  Marine x3  
  171  11:35  Marine  
  172  11:40  Marine x2  
  172  11:42  Sensor Tower  
  172  11:43  Siege Tank  
  176  11:47  Marine  
  176  11:49  Marine x3  
  170  12:11  Marine x4  
  170  12:12  Marine x4  
  170  12:13  Siege Tank  
  170  12:14  Supply Depot  
  160  12:17  Marine x3, Supply Depot  
  160  12:20  Marine  
  137  12:29  Marine x3  
  135  12:30  Marauder  
  135  12:31  SCV x3  
  135  12:34  Marine x2  
  140  12:39  Engineering Bay  
  140  12:40  Marine  
  140  12:41  Marine  
  139  12:48  Marine  
  139  12:49  Command Center, Marine  
  141  12:55  Marine  
  141  13:03  Marine x2  
  141  13:04  Marine  
  114  13:08  Marine x3  
  114  13:09  Marine x2  
Tags
 
Add a new tag
Caveats
  • Supply blocks, unpowered buildings, or Contaminate may cause inaccurate times.
  • Supply counts are checked every 10 seconds.